Bacon, chaotic female human Monk ---- ------..| ---- -- ---.|.|...----- - ---..-- -- --- --................- .--.....----.---..| |.... |.......--- -.........|...|...- ...|.---.....| . ---..................-- -..|...|.))..| -.--------................- ...| |..---....---- |...|.--........(..............| --...--...-- -^......^....................-- |........)---- -- --...(....>....................-- - --......|.<..| |...............f..)..................| |......|--..| -.....|...%.).f.---.---.|..| -- ......- ----...| --- ......----....).@.| --- ----- - ....- --%.-- ------ -. ---- ---.))..-- ... --..----.--.--------------------[u----------------------- - |..........................).).[....................................| ----.........--------------------------------------------- ---- --.......-- ---.|.--- ----- Bacon the Initiate Experience level: 8 Strength: 11 Dexterity: 17 Constitution: 14 Intelligence: 7 Wisdom: 16 Charisma: 8 Health: 0(53) Energy: 47(55) AC: 4 Gold: 570 Moves: 2773 Your Inventory: Coins $ - 570 gold pieces Armor a - an uncursed +2 pair of leather gloves (being worn) b - an uncursed +1 robe (being worn) Q - an [uncursed +0] mummy wrapping Comestibles g - an uncursed food ration h - 4 uncursed apples i - 7 uncursed oranges Scrolls n - an uncursed scroll of remove curse F - an uncursed scroll of teleportation P - an [uncursed] scroll of identify Spellbooks c - a blessed spellbook of healing x - an [uncursed] spellbook of jumping Potions f - an uncursed potion of healing l - an uncursed magenta potion [of gain ability] w - an uncursed dark green potion [of confusion] C - an uncursed luminescent potion [of object detection] E - an uncursed fizzy potion [of fruit juice] S - an [uncursed] silver potion [of restore ability] Wands I - an [uncursed] cedar wand [of cancellation (0:6)] Tools k - an uncursed magic marker (0:44) v - an [uncursed] stethoscope z - an [uncursed] magic whistle G - 3 [uncursed tallow] candles O - an [uncursed] key [skeleton key] Gems t - 3 [uncursed] orange gems [worthless glass] u - 3 [uncursed] red gems [garnet] A - 2 [uncursed] yellowish brown gems [worthless glass] H - an [uncursed] violet gem [worthless glass] K - an [uncursed] green gem [worthless glass] T - 2 [uncursed] violet gems [amethyst] Spells known in the end: Name Level Category Fail Memory a - healing 1 healing 0% [|||||||.] b - jumping 1 escape 0% [||||||||] Your skills at the end: Fighting Skills martial arts [Skilled / Grand Master] Weapon Skills Spellcasting Skills healing spells [Basic / Expert] Final Attributes: You were piously aligned. Hunger level was 21. Your alignment was 23 / 23. Monster difficulty range was 1 - 8. Level difficulty was 8. You were immune to sleep. You were immune to poison. You saw invisible. You were warned. You were stealthy. You were fast. Your luck was zero. You are dead. Vanquished creatures: a small mimic an elf mummy 2 watchmen a chameleon a leprechaun 2 orc-captains a dwarf mummy a gold golem a gnome mummy a wood nymph an orc shaman an enormous rat a fog cloud 8 gnome lords 2 gnomish wizards a red naga hatchling 2 floating eyes a kitten 13 dwarves 2 kobold shamans a rabid rat 2 killer bees an acid blob a hobbit 3 hobgoblins 3 cave spiders a yellow mold a green mold 2 red molds 42 gnomes 2 garter snakes a gecko a jackal a goblin 4 grid bugs a lichen 4 newts 115 creatures vanquished. Voluntary challenges: You were vegetarian. You never hit with a wielded weapon. You read items or engraved 8 times. You put on armor 3 times. You never genocided any monsters. You never polymorphed an object. You never changed form. You used no wishes. You never wrote Elbereth's name. You never encountered a bones level. You never used any Sokoban shortcuts. Dungeon overview: The Dungeons of Doom: levels 1 to 3 Level 1 an altar a long staircase Level 2 a fountain Level 3 a music store stairs to The Gnomish Mines The Gnomish Mines: levels 4 to 8 Level 4 stairs to The Dungeons of Doom Level 7 many shops, a temple, a magic chest, some fountains Level 8 <- You were here History has recorded: On T:1 you entered the Dungeons of Doom to retrieve the Amulet of Yendor! On T:348 you reached level 2 of The Dungeons of Doom. On T:453 you advanced to experience level 2. On T:534 you reached level 3 of The Dungeons of Doom. On T:657 you advanced to experience level 3. On T:918 you advanced to experience level 4. On T:934 you reached level 1 of The Gnomish Mines. On T:1022 you advanced to experience level 5. On T:1114 you advanced to experience level 6. On T:1175 you reached level 2 of The Gnomish Mines. On T:1501 you reached level 3 of The Gnomish Mines. On T:1620 you advanced to experience level 7. On T:1823 you reached level 4 of The Gnomish Mines. On T:2083 you advanced to experience level 8. On T:2626 you reached level 5 of The Gnomish Mines. Latest messages: The mountain nymph removes a mummy wrapping and puts on a dwarvish cloak. The mountain nymph picks up a pair of iron shoes. The mountain nymph puts on a pair of iron shoes. A gush of water hits Mittins on the head! [HP+1=30] The horse picks up a mirror. You hit the tiger! The tiger hits! (2x) The tiger bites! [HP-12=18] Never mind. You feel better. The tiger hits! (2x) The tiger bites! You hear some noises. [HP+1=19] You hit the tiger! The tiger hits! (2x) The tiger bites! You die... Final status: Punardarsanaya Bacon the Monk... You died in The Gnomish Mines on dungeon level 8 with 5427 points, and 570 pieces of gold, after 2773 moves. You were level 8 with a maximum of 53 hit points when you died.